 Dungeon Crawl Stone Soup version 0.28.0-45-g0d030f2227 (webtiles) character file.

Game seed: 15515469724464071773

1733 pkoi the Zephyrmancer (level 8, -2/37 HPs)
             Began as a Spriggan Air Elementalist on Apr 10, 2022.
             Was a Follower of Sif Muna.
             Asphyxiated
             ... on level 6 of the Dungeon.
             The game lasted 00:10:47 (10046 turns).

pkoi the Zephyrmancer (Spriggan Air Elementalist)  Turns: 10046, Time: 00:10:48

Health: -2/37      AC: 12    Str:  4    XL:     8   Next: 76%
Magic:  15/19      EV: 19    Int: 19    God:    Sif Muna [*.....]
Gold:   320        SH:  0    Dex: 15    Spells: 14/21 levels left

rFire   . . .      SeeInvis +   d - +2 short sword (venom)
rCold   . . .      Faith    .   (no shield)
rNeg    + . .      Spirit   .   n - +2 robe {rN+}
rPois   .          Reflect  .   (helmet restricted)
rElec   .          Harm     .   (no cloak)
rCorr   .          Rampage  .   (gloves unavailable)
Will    +....                   (boots unavailable)
Stlth   +++.......              (no amulet)
HPRegen 0.12/turn               c - +4 ring of protection
MPRegen 0.16/turn               i - +4 ring of protection

@: lethally poisoned (-2 -> -11), slowed, quick
A: very small, no large weapons, unfitting armour, see invisible, speed 3
a: Renounce Religion, Channel Magic


You were on level 6 of the Dungeon.
You worshipped Sif Muna.
Sif Muna was aware of your devotion.
You visited 2 branches of the dungeon, and saw 7 of its levels.

You collected 320 gold pieces.

Inventory:

Hand Weapons
 d - a +2 short sword of venom (weapon)
 f - a +0 club
 g - a +0 dagger
 h - a +4 club of protection
Armour
 n - a +2 robe of positive energy (worn)
Magical Staves
 b - a staff of cold
Jewellery
 c - a +4 ring of protection (left hand)
 e - a ring of flight
 i - a +4 ring of protection (right hand)
Wands
 r - a wand of mindburst (19)
Scrolls
 a - 3 scrolls of amnesia {unknown}
 o - 5 scrolls of identify
 q - a scroll of enchant weapon {unknown}
Potions
 j - 2 potions of magic
 k - a potion of attraction {unknown}
 l - 2 potions of might
 m - a potion of ambrosia {unknown}
 p - a potion of haste


   Skills:
 + Level 1.0 Fighting
 + Level 4.8 Dodging
 + Level 5.5 Stealth
 + Level 7.3 Spellcasting
 - Level 0.6 Conjurations
 * Level 8.2 Air Magic
 + Level 1.7 Evocations


You had 14 spell levels left.
You knew the following spells:

 Your Spells              Type           Power      Damage    Failure   Level
a - Shock                 Conj/Air       92%        1d8       1%          1
b - Static Discharge      Conj/Air       23%        N/A       2%          2
c - Airstrike             Air            19%        N/A       3%          4

Your spell library contained the following spells:

 Spells                   Type           Power      Damage    Failure   Level
 Swiftness                Air            38%        N/A       1%          3
 Pain                     Necr           24%        1d5       10%         1
 Slow                     Hex            24%        N/A       10%         1
 Confusing Touch          Hex            6%         N/A       30%         3
 Vampiric Draining        Necr           6%         2d6       30%         3
 Agony                    Necr           6%         N/A       95%         5
 Excruciating Wounds      Necr           3%         N/A       95%         5


Dungeon Overview and Level Annotations

Branches:
Dungeon (6/15)             Temple (1/1) D:4

Altars:
Ashenzari
Cheibriados
Dithmenos
Elyvilon
Gozag
Hepliaklqana
Kikubaaqudgha
Nemelex Xobeh
Okawaru
Sif Muna
Trog
Vehumet
Wu Jian
Xom
Zin
The Shining One

Shops:
D:3 (


Innate Abilities, Weirdness & Mutations

You are very small and have problems with some larger weapons.
You are too small for most types of armour.
You have supernaturally acute eyesight. (SInv)
You cover ground extremely quickly. (Speed+++)


Message History

You have difficulty breathing.
You feel yourself slow down.
The zap hits the kobold brigand.
The kobold brigand is heavily wounded.
You feel extremely sick. The kobold brigand barely misses you.
You closely miss the kobold brigand.
The kobold brigand is heavily wounded.
You feel very sick.
The kobold brigand hits you but does no damage.
The kobold brigand hits you with a +0 club.
* * * LOW HITPOINT WARNING * * *
You barely miss the kobold brigand.
The kobold brigand is heavily wounded.
You feel very sick.
The kobold brigand hits you but does no damage.
You closely miss the kobold brigand.
The kobold brigand is heavily wounded.
You feel very sick.
The kobold brigand hits you but does no damage.
The kobold brigand misses you.
You closely miss the kobold brigand.
The kobold brigand is heavily wounded.
You feel sick.
The kobold brigand completely misses you.
The kobold brigand misses you.
You miss the kobold brigand.
The kobold brigand is heavily wounded.
You feel sick. The kobold brigand closely misses you.
You barely miss the kobold brigand.
The kobold brigand is heavily wounded.
You feel sick.
You are no longer poisoned.
The kobold brigand misses you.
The kobold brigand completely misses you.
Unknown command.
The kobold brigand throws a curare-tipped dart.
The curare-tipped dart hits you.
You are lethally poisoned!
You have difficulty breathing.
You die...

....[.......#
######.#........
#.##...#### ## #..#...#
<# ##.#...#### .#
###.#...... ..
.........## #.#
###....############# ..
..$.......K.@<.......
##########)#############
#.. #.) #.). ###. .#


You could see a kobold brigand.

Vanquished Creatures
  Sigmund (D:4)
  Edmund (D:4)
  A black bear (D:6)
  2 ogres
  A necrophage (D:4)
  A gnoll sergeant (D:4)
  A scorpion (D:6)
  A water moccasin zombie (D:5)
  A water moccasin skeleton (D:5)
  A wight (D:6)
  3 howler monkeys (D:4)
  A jelly (D:6)
  3 gnoll shamans (D:4)
  3 hounds (D:4)
  A centaur skeleton (D:6)
  A scorpion zombie (D:5)
  2 iguanas (D:6)
  Robin (D:1)
  18 gnolls (D:4)
  A howler monkey skeleton (D:5)
  7 adders
  A white imp (D:5)
  An ufetubus (D:5)
  A dart slug (D:2)
  21 orcs
  5 ball pythons
  7 endoplasms
  6 giant cockroaches
  11 goblins
  11 hobgoblins
  20 jackals
  10 kobolds
  2 quokkas
  7 bats
  A frilled lizard (D:3)
  4 rats
160 creatures vanquished.

Vanquished Creatures (others)
  A fungus (D:4)
  4 plants (D:4)
5 creatures vanquished.

Grand Total: 165 creatures vanquished

Notes
Turn   | Place    | Note
-------+----------+-------------------------------------------
     0 | D:1      | pkoi the Spriggan Air Elementalist began the quest for the
                  | Orb.
     0 | D:1      | Reached XP level 1. HP: 9/9 MP: 5/5
   403 | D:1      | Reached XP level 2. HP: 13/13 MP: 0/6
   633 | D:1      | Reached skill level 3 in Air Magic
  1926 | D:2      | Reached XP level 3. HP: 16/16 MP: 1/8
  2230 | D:2      | Learned a level 2 spell: Static Discharge
  2346 | D:2      | Noticed Robin
  2441 | D:1      | Killed Robin
  3201 | D:2      | Reached XP level 4. HP: 21/21 MP: 5/9
  3259 | D:3      | Learned a level 4 spell: Airstrike
  3428 | D:3      | Found a faded altar of an unknown god.
  3526 | D:3      | Found Patokarch's Antique Weapon Emporium.
  4749 | D:4      | Noticed a lemure
  4749 | D:4      | Noticed a necrophage
  4750 | D:4      | Noticed a lemure
  4778 | D:4      | Killed a necrophage
  4779 | D:4      | Reached skill level 4 in Air Magic
  4779 | D:4      | Reached XP level 5. HP: 24/24 MP: 2/11
  5653 | D:4      | Found a staircase to the Ecumenical Temple.
  5752 | D:4      | Noticed an ogre
  5780 | D:4      | Killed an ogre
  5781 | D:4      | Reached skill level 5 in Air Magic
  5781 | D:4      | Reached XP level 6. HP: 27/28 MP: 3/13
  6190 | Temple   | Entered the Ecumenical Temple
  6352 | Temple   | Became a worshipper of Sif Muna the Loreminder
  6472 | D:4      | Reached XP level 7. HP: 32/32 MP: 8/15
  6517 | D:4      | Noticed Edmund
  6554 | D:4      | Killed Edmund
  6555 | D:4      | Reached skill level 5 in Spellcasting
  6555 | D:4      | Reached skill level 6 in Air Magic
  7378 | D:4      | Reached * piety under Sif Muna
  7384 | D:4      | Reached skill level 7 in Air Magic
  7557 | D:4      | Noticed Sigmund
  7573 | D:4      | Killed Sigmund
  7574 | D:4      | Reached XP level 8. HP: 36/36 MP: 7/18
  8001 | D:5      | Entered Level 5 of the Dungeon
  9473 | D:6      | Reached skill level 5 in Stealth
  9473 | D:6      | Reached skill level 8 in Air Magic
  9775 | D:6      | Reached skill level 1 in Evocations
  9937 | D:6      | Identified the +2 chain mail of Makhleb's Wrath {rElec
                  | Int+2}
  9943 | D:6      | Reached skill level 1 in Fighting
 10046 | D:6      | Asphyxiated

Illustrated notes

Levels and vault maps discovered:
D:1:      evilmike_arrival_crescent, layout_loops_ring
D:2:      layout_rooms, uniq_robin
D:3:      layout_loops_ring, serial_shops, nicolae_shop_statue_plus,
          dreamdust_ecumenical_altar_statues, columned_hall_lemuel,
          kennysheep_generic_room_3
D:4:      lemuel_castle_with_subvaults [lemuel_castle_interior_carwin_2],
          layout_basic, temple_hall, lightli_minifort, uniq_edmund,
          uniq_sigmund, uniq_pikel
D:5:      layout_loops_ring, minmay_misc_feat_rows
D:6:      minmay_skewed_foursquare, layout_rooms, minivault_1, uniq_duvessa
Temple:   compressed_dpeg_circular_temple

Skill      XL: |  1  2  3  4  5  6  7  8 |
---------------+-------------------------+-----
Air Magic      | 3 4 5 7 8 |  8.2
Dodging        | 3 4 |  4.8
Spellcasting   | 3 4 6 7 |  7.3
Stealth        | 4 5 |  5.5
Evocations     | 1 |  1.7
Fighting       | 1 |  1.0
Conjurations   | |  0.6

Action                   |  1- 3 |  4- 6 |  7- 9 || total
-------------------------+-------+-------+-------++-------
Melee: Staff             |    10 |       |       ||    10
       Dagger            |     1 |       |       ||     1
       Short sword       |       |    36 |    31 ||    67
       Punch             |       |     1 |       ||     1
 Cast: Shock             |   119 |   145 |   211 ||   475
  Use: Scroll            |     5 |     4 |       ||     9
       Potion            |     1 |     3 |       ||     4
Armor: Robe              |    11 |    15 |    18 ||    44
Dodge: Dodged            |    32 |    47 |    60 ||   139
